 Dungeon Crawl Stone Soup version 0.27-a0-1555-g0e7b3fb1d2 (webtiles) character file.

Game seed: 5399635184762626909

123 Leeroy the Slasher (level 5, -3/39 HPs)
             Began as a Barachi Warper on July 14, 2021.
             Slain by a phantom (6 damage)
             ... on level 4 of the Dungeon.
             The game lasted 00:04:16 (4255 turns).

Leeroy the Slasher (Barachi Warper)                 Turns: 4255, Time: 00:04:17

Health: -3/39      AC:  7    Str: 12    XL:     5   Next: 7%
Magic:  8/8        EV:  9    Int: 14    God:
Gold:   149        SH:  0    Dex: 12    Spells: 6/8 levels left

rFire    . . .     SeeInvis .   a - +0 falchion
rCold    + . .     Faith    .   (no shield)
rNeg     . . .     Spirit   .   o - +1 scale mail {rC+}
rPois    .         Reflect  .   (no helmet)
rElec    .         Harm     .   (no cloak)
rCorr    .         Rampage  .   (no gloves)
Will     .....                  (no boots)
Stlth    ..........             (no amulet)
HPRegen  0.13/turn              (no ring)
MPRegen  0.11/turn              (no ring)

@: slow
A: amphibious, slowness 1, strong legs 1, +LOS
a: Hop


You were on level 4 of the Dungeon.
You visited 1 branch of the dungeon, and saw 4 of its levels.

You collected 149 gold pieces.

Inventory:

Hand Weapons
 a - a +0 falchion (weapon)
Missiles
 d - 4 boomerangs of dispersal (quivered)
 k - 28 poisoned darts
Armour
 b - a +0 leather armour
 o - a +1 scale mail of cold resistance (worn)
Jewellery
 n - a ring of wizardry
Scrolls
 c - a scroll of blinking
 f - 2 scrolls of enchant weapon {unknown}
 g - 2 scrolls of teleportation {unknown}
 j - 2 scrolls of enchant armour {unknown}
 l - a scroll of identify {unknown}
 q - a scroll of amnesia {unknown}
Potions
 e - a potion of haste {unknown}
 h - a potion of attraction {unknown}
 i - a potion of might {unknown}
 m - a potion of curing {unknown}
 p - a potion of heal wounds {unknown}


   Skills:
 - Level 2.4 Fighting
 + Level 6.1 Long Blades
 - Level 1.0 Throwing
 - Level 1.2 Armour
 - Level 2.1 Dodging
 - Level 0.4 Stealth
 - Level 2.1 Spellcasting
 - Level 3.2 Translocations


You had 6 spell levels left.
You knew the following spells:

 Your Spells              Type           Power      Damage    Failure   Level
a - Blink                 Tloc           N/A        N/A       43%         2

Your spell library contained the following spells:

 Spells                   Type           Power      Damage    Failure   Level
 Gell's Gravitas          Tloc           5%         N/A       67%         3
 Lesser Beckoning         Tloc           5%         N/A       67%         3
 Teleport Other           Tloc           10%        N/A       67%         3
 Animate Skeleton         Necr           2%         N/A       77%         1
 Pain                     Necr           4%         1d4       77%         1
 Vampiric Draining        Necr           0%         2d6       98%         3
 Manifold Assault         Tloc           10%        N/A       100%        5


Dungeon Overview and Level Annotations

Branches:
Dungeon (4/15)
 Temple: D:4-7

Altars:
Ashenzari
Gozag
Nemelex Xobeh


Innate Abilities, Weirdness & Mutations

You are amphibious.
You cover ground slowly.
You can hop short distances.
You have an extended range of vision and can be seen from far away.


Message History

The phantom is heavily damaged.
The phantom hits you.
The phantom blinks!
You blink.
Found 14 stones.
You hit the phantom.
The phantom is heavily damaged.
The phantom hits you.
You hit the phantom but do no damage.
The phantom is heavily damaged.
The phantom hits you.
You barely miss the phantom.
The phantom is heavily damaged.
The phantom hits you.
The phantom blinks!
You blink.
You are too injured to fight recklessly!
You are too injured to fight recklessly!
You are too injured to fight recklessly!
You are too injured to fight recklessly!
You are too injured to fight recklessly!
You are too injured to fight recklessly!
You are too injured to fight recklessly!
You are too injured to fight recklessly!
You hit the phantom.
The phantom is heavily damaged.
The phantom closely misses you.
You hit the phantom.
The phantom is severely damaged.
The phantom hits you.
The phantom blinks!
You blink.
Press: ? - help, v - describe, . - travel
Here: a phantom (severely damaged)
The floor.
You hit the phantom.
The phantom is almost destroyed.
The phantom hits you.
* * * LOW HITPOINT WARNING * * *
You closely miss the phantom.
The phantom is almost destroyed.
The phantom hits you!
* * * LOW HITPOINT WARNING * * *
You miss the phantom.
The phantom is almost destroyed.
The phantom hits you.
You die...

##....# #...(.# #.....#
. #.....+ ..
#.....###########...
.......................
....................#
....#####...W.......+
... #....@<>....# ..
#......###+## #......#
#......# #......#
#......# #......#
#......# #......#


You could see a phantom.

Vanquished Creatures
  A centaur skeleton (D:2)
  An adder (D:3)
  An ufetubus (D:3)
  2 worms (D:2)
  A dart slug (D:1)
  An orc (D:3)
  4 ball pythons
  10 bats
  7 endoplasms
  2 giant cockroaches
  9 goblins
  3 hobgoblins
  8 jackals
  2 quokkas
  3 frilled lizards
  5 kobolds
  4 rats
64 creatures vanquished.

Vanquished Creatures (others)
  37 plants (D:2)
37 creatures vanquished.

Grand Total: 101 creatures vanquished

Notes
Turn   | Place    | Note
-------+----------+-------------------------------------------
     0 | D:1      | Leeroy the Barachi Warper began the quest for the Orb.
     0 | D:1      | Reached XP level 1. HP: 17/17 MP: 3/3
   410 | D:1      | Reached skill level 3 in Long Blades
   512 | D:1      | Reached XP level 2. HP: 12/23 MP: 5/5
   698 | D:1      | Found a faded altar of an unknown god.
   795 | D:1      | Learned a level 2 spell: Blink
  1672 | D:2      | Reached skill level 4 in Long Blades
  1928 | D:2      | Reached XP level 3. HP: 19/28 MP: 6/6
  3163 | D:2      | Reached skill level 5 in Long Blades
  3163 | D:2      | Reached XP level 4. HP: 21/34 MP: 7/7
  3301 | D:3      | Found an opulent altar of Gozag.
  3794 | D:3      | Reached XP level 5. HP: 39/39 MP: 8/8
  3796 | D:3      | Reached skill level 6 in Long Blades
  4002 | D:3      | Found a broken altar of Ashenzari.
  4011 | D:3      | Found a sparkling altar of Nemelex Xobeh.
  4237 | D:4      | Noticed a phantom
  4255 | D:4      | Slain by a phantom

Illustrated notes

Levels and vault maps discovered:
D:1:      heliophobic_arrival_battle_scene, layout_loops_ring,
          shapermc_ecumenical_altar_pompeii
D:2:      layout_loops_corners, serial_bayou_lagoon_a
D:3:      layout_basic, nicolae_gozag_seed_capital, mainiacjoe_overflow_swirl
D:4:      layout_gridville, temple_green, minmay_pentangle

Skill      XL: |  1  2  3  4  5 |
---------------+----------------+-----
Long Blades    | 3 4 5 6 |  6.1
Fighting       | |  2.4
Throwing       | |  1.0
Armour         | |  1.2
Dodging        | |  2.1
Stealth        | |  0.4
Spellcasting   | |  2.1
Translocations | |  3.2

Action                   |  1- 3 |  4- 6 || total
-------------------------+-------+-------++-------
Melee: Falchion          |   154 |    91 ||   245
Throw: Boomerang         |       |     1 ||     1
 Stab: Sleeping          |     1 |       ||     1
Armor: Leather armour    |    45 |     3 ||    48
       Scale mail        |       |    48 ||    48
Dodge: Dodged            |   108 |    54 ||   162
       Rpst.: Falchion   |    29 |    16 ||    45

Table legend: (Time is in decaauts)
 A = Elapsed time spent in this place.
 B = Non-inter-level travel time spent in this place.
 C = Inter-level travel time spent in this place.
 D = Time resting spent in this place.
 E = Time spent auto-exploring this place.
 F = Levels seen in this place.
 G = Mean time per level.
                   A        B        C        D        E       F      G
               +--------+--------+--------+--------+--------+-----+--------+
         Total |   4675 |   4581 |     94 |    514 |   3476 |   4 | 1168.8 |
       Dungeon |   4675 |   4581 |     94 |    514 |   3476 |   4 | 1168.8 |
               +--------+--------+--------+--------+--------+-----+--------+

Top non-repeatable levels by time:
     D:1: 1971 daAuts
     D:2: 1618 daAuts
     D:3: 1067 daAuts
     D:4: 18 daAuts
